 Dungeon Crawl Stone Soup version 0.22.1-2-g9c5b331383 (webtiles) character file.

1288 Peloso the Slasher (level 8, -4/70 HPs)
             Began as a Minotaur Fighter on Nov 23, 2018.
             Slain by a hornet (8 damage)
             ... on level 5 of the Dungeon.
             The game lasted 00:08:15 (3931 turns).

Peloso the Slasher (Minotaur Fighter)               Turns: 3931, Time: 00:08:17

Health: -4/70      AC: 13    Str: 21    XL:     8   Next: 30%
Magic:  7/7        EV:  5    Int:  5    God:
Gold:   200        SH: 10    Dex: 10    Spells: 7/7 levels left

rFire    . . .     SeeInvis .   a - +0 long sword
rCold    . . .     Gourm    .   c - +0 shield
rNeg     . . .     Faith    .   s - +0 plate armour
rPois    .         Spirit   .   (helmet restricted)
rElec    .         Reflect  .   (no cloak)
rCorr    .         Harm     .   (no gloves)
MR       .....                  (no boots)
Stlth    ..........             (no amulet)
HPRegen  0.21/turn              (no ring)
MPRegen  0.10/turn              (no ring)

@: lethally poisoned (-4 -> -14), flying
A: retaliatory headbutt, horns 2, clumsy 1, evolution 1
a: no special abilities


You were on level 5 of the Dungeon.
You were not hungry.

You visited 1 branch of the dungeon, and saw 5 of its levels.

You collected 200 gold pieces.

Inventory:

Hand Weapons
 a - a +0 long sword (weapon)
Missiles
 k - 9 tomahawks (quivered)
 u - 5 silver tomahawks
Armour
 b - a +0 scale mail
 c - a +0 shield (worn)
 o - a +0 chain mail
 s - a +0 plate armour (worn)
Jewellery
 t - an uncursed amulet of guardian spirit {unknown}
Scrolls
 e - a scroll of fear {unknown}
 g - 4 scrolls of remove curse {unknown}
 h - a scroll of enchant weapon {unknown}
 i - 7 scrolls of teleportation {unknown}
 j - 6 scrolls of identify {unknown}
 m - a scroll of amnesia {unknown}
 p - a scroll of magic mapping {unknown}
 v - 2 scrolls of fog {unknown}
Potions
 d - 3 potions of might
 n - a potion of haste
 q - a potion of flight
Comestibles
 f - 12 rations
 r - 6 chunks of flesh


   Skills:
 + Level 5.6 Fighting
 + Level 7.2 Long Blades
 + Level 7.0 Armour
 + Level 1.8 Dodging
 + Level 0.4 Stealth
 + Level 7.1 Shields


You had 7 spell levels left.
You didn't know any spells.
Your spell library contained the following spells:

 Spells                   Type           Power        Failure   Level  Hunger
 Corona                   Hex            #......      100%        1    ##.....
 Ensorcelled Hibernation  Hex/Ice        #.....       100%        2    ###....
 Confuse                  Hex            #.......     100%        3    ####...
 Dazzling Spray           Conj/Hex       #.....       100%        3    ####...
 Tukima's Dance           Hex            #.......     100%        3    ####...


Dungeon Overview and Level Annotations

Branches:
Dungeon (5/15)
 Temple: D:4-7

Altars:
Ashenzari
Cheibriados
Gozag
Makhleb
Vehumet

Shops:
D:4 %


Innate Abilities, Weirdness & Mutations

You reflexively headbutt those who attack you in melee.
You have a pair of horns on your head.
You are clumsy. (Dex -2)
You evolve.


Message History

You feel sick. The hornet completely misses you. The hornet stings you!
* * * LOW HITPOINT WARNING * * *
You are lethally poisoned!
You feel as though you will be slow longer.
You block the hornet's attack.
It was a potion of cancellation.
Your magical effects are unravelling.
You feel magically purged.
You feel yourself speed up.
* * * LOW HITPOINT WARNING * * *
You feel sick. You block the hornet's attack. The hornet stings you.
* * * LOW HITPOINT WARNING * * *
You feel yourself slow down.
It was a potion of flight.
You feel very buoyant.
You fly up into the air.
You feel yourself speed up.
* * * LOW HITPOINT WARNING * * *
You feel sick. You block the hornet's attack. The hornet stings you!
You die...

### ... #.# ...
#.# #.# ##y###
#.@..+ #....#
#.##.# #.##.#
#.##.########
#.##.#.......
#.##.'.......
#.##.#.......
..##.###########


You could see a hornet.

Vanquished Creatures
  Prince Ribbit (D:5)
  A phantom (D:4)
  A black bear (D:4)
  2 ogres
  2 centaurs (D:5)
  2 howler monkeys
  A crimson imp (D:4)
  3 hounds (D:5)
  An orc priest (D:4)
  5 orc wizards
  A centaur skeleton (D:4)
  A worker ant (D:5)
  8 adders
  A howler monkey skeleton (D:5)
  2 oozes
  An adder zombie (D:5)
  An adder skeleton (D:4)
  2 worms
  A dart slug (D:2)
  3 leopard geckos
  14 orcs
  2 ball pythons
  3 giant cockroaches
  7 goblins
  4 hobgoblins
  4 jackals
  A quokka (D:2)
  9 bats
  10 frilled lizards
  5 kobolds
  9 rats
108 creatures vanquished.

Notes
Turn   | Place    | Note
-------+----------+-------------------------------------------
     0 | D:1      | Peloso the Minotaur Fighter began the quest for the Orb.
     0 | D:1      | Reached XP level 1. HP: 19/19 MP: 0/0
   265 | D:1      | Reached XP level 2. HP: 25/27 MP: 1/1
  1273 | D:2      | Noticed a howler monkey
  1285 | D:2      | Reached XP level 3. HP: 26/33 MP: 2/2
  1307 | D:2      | Reached XP level 4. HP: 30/40 MP: 3/3
  1437 | D:2      | Found an opulent altar of Gozag.
  1450 | D:2      | Found a shattered altar of Ashenzari.
  1453 | D:2      | Found a radiant altar of Vehumet.
  1456 | D:2      | Found a burning altar of Makhleb.
  1641 | D:2      | Noticed an ogre
  1649 | D:2      | Killed an ogre
  1649 | D:2      | Reached skill level 5 in Shields
  1649 | D:2      | Reached XP level 5. HP: 15/46 MP: 4/4
  2154 | D:3      | Reached skill level 5 in Armour
  2684 | D:4      | Noticed an ogre
  2691 | D:4      | Reached XP level 6. HP: 52/52 MP: 5/5
  2694 | D:4      | Reached skill level 5 in Long Blades
  2711 | D:4      | Found Houtyom's Food Shoppe.
  2886 | D:4      | Gained mutation: You are clumsy. (Dex -2) [potion of
                  | mutation]
  2886 | D:4      | Gained mutation: You evolve. [potion of mutation]
  2959 | D:4      | Reached XP level 7. HP: 42/60 MP: 6/6
  3131 | D:4      | Reached skill level 1 in Dodging
  3151 | D:4      | Reached skill level 5 in Fighting
  3343 | D:4      | Found a snail-covered altar of Cheibriados.
  3592 | D:5      | Entered Level 5 of the Dungeon
  3786 | D:5      | Noticed Prince Ribbit
  3808 | D:5      | Killed Prince Ribbit
  3808 | D:5      | Reached XP level 8. HP: 46/69 MP: 7/7
  3919 | D:5      | Noticed a hornet
  3926 | D:5      | Paralysed by a hornet for 2 turns
  3931 | D:5      | Slain by a hornet

Skill      XL: |  1  2  3  4  5  6  7  8 |
---------------+-------------------------+-----
Long Blades    | 3 4 5 7 |  7.2
Armour         | 4 5 6 7 |  7.0
Shields        | 4 5 6 7 |  7.1
Fighting       | 4 5 |  5.6
Dodging        | 1 |  1.8
Stealth        | |  0.4

Action                   |  1- 3 |  4- 6 |  7- 9 || total
-------------------------+-------+-------+-------++-------
Melee: Long sword        |    88 |   162 |   137 ||   387
       Headbutt          |    11 |    36 |    16 ||    63
  Use: Potion            |     1 |     6 |     3 ||    10
  Eat: Chunk             |     1 |     6 |     3 ||    10
Armor: Scale mail        |    18 |       |       ||    18
       Chain mail        |    26 |    41 |       ||    67
       Plate armour      |       |    56 |    77 ||   133
Dodge: Dodged            |    24 |    27 |    25 ||    76
Block: Shield            |    56 |    82 |    82 ||   220
       Rpst.: Long sword |     8 |     2 |     9 ||    19
